 Dungeon Crawl Stone Soup version 0.28.0-62-gf88900778d (webtiles) character file.

Game seed: 7701987378286898165

367 cbfl8 the Poker (level 6, -4/49 HPs)
             Began as a Merfolk Berserker on June 25, 2023.
             Was a Believer of Trog.
             Killed by divine providence
             ... invoked by an orc priest
              (11 damage)
             ... on level 5 of the Dungeon.
             The game lasted 00:03:46 (3770 turns).

cbfl8 the Poker (Merfolk Berserker)                 Turns: 3770, Time: 00:03:46

Health: -4/49      AC: 14    Str: 17    XL:     6   Next: 69%
Magic:  6/6        EV:  8    Int:  6    God:    Trog [**....]
Gold:   20         SH:  0    Dex: 16    Spells: 5/5 levels left

rFire   . . .      SeeInvis .   a - +0 spear
rCold   . . .      Faith    .   (no shield)
rNeg    . . .      Spirit   .   d - +0 chain mail
rPois   .          Reflect  .   (no helmet)
rElec   .          Harm     .   b - scarf {repulsion}
rCorr   .          Rampage  .   (no gloves)
Will    .....                   k - +0 pair of boots
Stlth   ..........              (no amulet)
HPRegen 0.16/turn               g - +4 ring of protection
MPRegen 0.10/turn               (no ring)

@: on berserk cooldown, slowed, repel missiles, very slow
A: (nimble swimmer 2), mertail
a: Renounce Religion, Berserk, Trog's Hand


You were on level 5 of the Dungeon.
You worshipped Trog.
Trog was pleased with you.
You visited 1 branch of the dungeon, and saw 5 of its levels.

You collected 90 gold pieces.
You spent 70 gold pieces at shops.

Inventory:

Hand Weapons
 a - a +0 spear (weapon)
Missiles
 q - 2 throwing nets (quivered)
Armour
 b - a scarf of repulsion (worn)
 d - a +0 chain mail (worn)
 j - a +0 cloak
 k - a +0 pair of boots (worn)
Jewellery
 g - a +4 ring of protection (left hand)
Wands
 i - a wand of polymorph (7)
 p - a wand of paralysis (11)
Potions
 c - 2 potions of might
 f - 2 potions of attraction {unknown}
 l - a potion of lignification {unknown}
 m - a potion of invisibility {unknown}
 n - 3 potions of heal wounds
 o - 2 potions of flight {unknown}


   Skills:
 + Level 4.5 Fighting
 + Level 6.9 Polearms
 + Level 2.7 Armour
 + Level 3.2 Dodging
 + Level 0.6 Stealth
 * Level 2.5 Evocations


You had 5 spell levels left.
You didn't know any spells.
Your spell library was empty.

Dungeon Overview and Level Annotations

Branches:
Dungeon (5/15)
 Temple: D:4-7

Altars:

Shops:
D:3 ((:!

Annotations:
D:4 Dowan, Duvessa


Innate Abilities, Weirdness & Mutations

((You are very nimble when in or above water. (Stealth+, EV+, Speed+++)))
Your lower body shifts to a powerful aquatic tail in water.


Message History

The orc priest invokes the aid of Beogh against you.
Beogh smites you!
* * * LOW HITPOINT WARNING * * *
You closely miss the orc priest.
The orc priest hits you but does no damage. x2
You hit the orc priest.
The orc priest is moderately wounded.
The orc priest hits you but does no damage.
You barely miss the orc priest.
The orc priest is moderately wounded.
The orc priest hits you but does no damage.
You closely miss the orc priest.
The orc priest is moderately wounded.
The orc priest hits you but does no damage.
You hit the orc priest.
The orc priest is heavily wounded.
You feel the effects of Trog's Hand fading.
The orc priest barely misses you.
You hit the orc priest but do no damage.
The orc priest is heavily wounded.
The orc priest hits you but does no damage.
You completely miss the orc priest.
The orc priest is heavily wounded.
The orc priest invokes the aid of Beogh against you.
Beogh smites you!
* * * LOW HITPOINT WARNING * * *
The orc priest completely misses you.
You hit the orc priest but do no damage.
The orc priest is heavily wounded.
The orc priest hits you but does no damage.
You closely miss the orc priest.
The orc priest is heavily wounded.
The orc priest calls down the wrath of Beogh upon you.
You resist with almost no effort.
You hit the orc priest.
The orc priest is heavily wounded.
Your skin stops crawling.
You feel less strong-willed.
The orc priest calls down the wrath of Beogh upon you.
Beogh smites you!
You die...

########### #
..........#
####o#
#########.#
###)@o# #.#
#.))#....... #
##.###.#)).###.#.
##...##.##.##
#####...†...# .#
#.........#.# .#
..###......## .#
#....#.# .# #
#.#.##... .#


You could see an orc priest and an orc.

Vanquished Creatures
  A scorpion (D:4)
  A bullfrog zombie (D:5)
  A hound (D:5)
  Crazy Yiuf (D:2)
  A jelly (D:4)
  An orc wizard (D:4)
  A killer bee zombie (D:4)
  3 adders
  4 gnolls (D:5)
  A dart slug (D:1)
  4 orcs
  7 ball pythons
  4 bats
  7 endoplasms
  4 giant cockroaches
  11 goblins
  2 hobgoblins (D:1)
  8 jackals
  5 quokkas
  3 frilled lizards
  3 kobolds
  4 rats
77 creatures vanquished.

Notes
Turn   | Place    | Note
-------+----------+-------------------------------------------
     0 | D:1      | cbfl8 the Merfolk Berserker began the quest for the Orb.
     0 | D:1      | Reached XP level 1. HP: 18/18 MP: 1/1
   415 | D:1      | Reached XP level 2. HP: 24/25 MP: 2/2
   714 | D:1      | Found a faded altar of an unknown god.
  1060 | D:2      | Reached XP level 3. HP: 17/30 MP: 3/3
  1350 | D:2      | Identified the +5 mace of Soutak {vorpal, rPois rN+ Int+3}
  1353 | D:2      | Found a runed translucent door.
  1354 | D:2      | Noticed Crazy Yiuf
  1600 | D:2      | Reached skill level 1 in Evocations
  1601 | D:2      | Reached ** piety under Trog
  1800 | D:2      | Killed Crazy Yiuf
  1801 | D:2      | Reached skill level 5 in Polearms
  1801 | D:2      | Reached XP level 4. HP: 37/37 MP: 4/4
  2149 | D:3      | Found Noleuc Nyti's Book Boutique.
  2258 | D:3      | Found Keinugh's Weapon Shop.
  2409 | D:3      | Found Suik's Distillery.
  2416 | D:3      | Bought a potion of heal wounds for 70 gold pieces
  2593 | D:3      | Found Teycseni's Antique Weapon Shop.
  2920 | D:4      | Reached XP level 5. HP: 26/42 MP: 5/5
  3226 | D:4      | Reached skill level 6 in Polearms
  3310 | D:4      | Reached XP level 6. HP: 34/49 MP: 6/6
  3312 | D:4      | Noticed Duvessa
  3312 | D:4      | Noticed Dowan
  3334 | D:5      | Entered Level 5 of the Dungeon
  3770 | D:5      | Killed from afar by an orc priest

Illustrated notes

Levels and vault maps discovered:
D:1:      dpeg_arrival_tiny_d, layout_rooms, dilly_ecumenical_altar_fadedgnrine
D:2:      layout_rooms, uniq_crazy_yiuf_cottage
D:3:      layout_loops_ring, serial_shops, shop, nicolae_shop_waterfront, shop,
          nicolae_shop_waterfront
D:4:      layout_rooms, serial_shops, shop, nicolae_shop_window_shopping,
          ebering_ghost_rock_garden, uniq_duvessa
D:5:      layout_loops_ring, sigmund_army, uniq_grinder

Skill      XL: |  1  2  3  4  5 |
---------------+----------------+-----
Fighting       | 4 |  4.5
Evocations     | 1 2 |  2.5
Polearms       | 5 6 |  6.9
Dodging        | 3 |  3.2
Armour         | 2 |  2.7
Stealth        | |  0.6

Action                   |  1- 3 |  4- 6 || total
-------------------------+-------+-------++-------
Melee: Spear             |   135 |   200 ||   335
       Punch             |     2 |     2 ||     4
Invok: Berserk           |     1 |     2 ||     3
       Trog's Hand       |       |     1 ||     1
  Use: Scroll            |     1 |     4 ||     5
Armor: Chain mail        |    66 |   119 ||   185
Dodge: Dodged            |    55 |    73 ||   128
